 Dungeon Crawl Stone Soup version 0.30.1-11-g7821555f0a (webtiles) character file.

Game seed: 14701579978210117142

36 NotreDorf the Poker (level 3, 0/28 HPs)
             Began as a Merfolk Gladiator on Jan 4, 2024.
             Slain by a kobold
             ... wielding a +0 dagger
              (2 damage)
             ... on level 2 of the Dungeon.
             The game lasted 00:02:26 (911 turns).

NotreDorf the Poker (Merfolk Gladiator)              Turns: 911, Time: 00:02:26

Health: 0/28       AC:  4    Str: 14    XL:     3   Next: 37%
Magic:  3/3        EV: 13    Int:  7    God:
Gold:   78         SH:  0    Dex: 17    Spells: 2/2 levels left

rFire   . . .        a - +0 trident
rCold   . . .        (no shield)
rNeg    . . .        b - +0 leather armour
rPois   .            c - +0 helmet
rElec   .            (no cloak)
rCorr   .            (no gloves)
SInv    .            (no boots)
Will    .....        (no amulet)
Stlth   ++           (no ring)
HPRegen 0.24/turn    (no ring)
MPRegen 0.08/turn

%: no passive effects
@: slowed, very slow
A: (nimble swimmer 2), mertail
a: no special abilities


You were on level 2 of the Dungeon.
You visited 1 branch of the dungeon, and saw 2 of its levels.

You collected 78 gold pieces.

Inventory:

Hand Weapons
 a - a +0 trident (weapon)
Missiles
 d - 3 throwing nets (quivered)
 e - a javelin
Armour
 b - a +0 leather armour (worn)
 c - a +0 helmet (worn)
Scrolls
 f - 2 scrolls of enchant weapon {unknown}
 g - 3 scrolls of vulnerability {unknown}
 h - a scroll of poison {unknown}
 i - a scroll of amnesia {unknown}
 j - 2 scrolls of identify {unknown}
 m - a scroll of enchant armour {unknown}
Potions
 k - a potion of degeneration {unknown}
 l - a potion of might {unknown}
 n - a potion of curing {unknown}


   Skills:
 + Level 2.7 Fighting
 + Level 4.5 Polearms
 - Level 2.0 Throwing
 + Level 4.5 Dodging
 + Level 1.5 Stealth


You had 2 spell levels left.
You didn't know any spells.
Your spell library was empty.

Dungeon Overview and Level Annotations

Branches:
Dungeon (2/15)

Altars:


Innate Abilities, Weirdness & Mutations

((You are very nimble when in or above water. (Stealth+, EV+, Speed+++)))
Your lower body shifts to a powerful aquatic tail in water.


Message History

The magic dart hits you.
The cerulean imp hits you but does no damage.
You closely miss Natasha. Natasha claws you.
The cerulean imp closely misses you.
You barely miss Natasha. The kobold closely misses you.
Natasha completely misses you. The cerulean imp barely misses you.
You hit Natasha.
Natasha is lightly wounded.
The kobold misses you. Natasha closely misses you.
The cerulean imp closely misses you.
You hit Natasha.
Natasha is lightly wounded.
The kobold barely misses you. Natasha closely misses you.
The cerulean imp hits you with a +1 spear.
You barely miss Natasha.
Natasha is lightly wounded.
The kobold hits you with a +0 whip. The kobold hits you with a +0 dagger.
Natasha misses you. The cerulean imp closely misses you.
You closely miss Natasha.
Natasha is lightly wounded.
The kobold hits you with a +0 whip. The kobold barely misses you.
Natasha claws you.
* * * LOW HITPOINT WARNING * * *
The cerulean imp hits you with a +1 spear.
* * * LOW HITPOINT WARNING * * *
You puncture Natasha!
Natasha is severely wounded.
The kobold hits you but does no damage. The kobold closely misses you.
Natasha mumbles some strange words.
You feel disoriented. Natasha casts a spell at you.
You feel yourself slow down.
The cerulean imp hits you with a +1 spear.
* * * LOW HITPOINT WARNING * * *
You hit Natasha.
You kill Natasha!
Moaning pathetically, Natasha's spirit plunges into the ground.
The cerulean imp disappears in a puff of smoke!
The kobold barely misses you. The kobold hits you with a +0 dagger.
You die...

#.####...†...#
#.......#.....
#########..#..#.##..
..........#.##.##..
##..##.......#.##..
#....#....(..#.##..
#....#...##.##.##..
...#.#§......<.#....#<..
.......@.##.###########.
.#...#KK..#.............
#<#....#.##############
...........
.....#..#.##.
.....#..#.. # ...#
#..### ##. #..#


You could see 2 kobolds.

Vanquished Creatures
  Natasha (D:2)
  A dart slug (D:1)
  3 endoplasms (D:1)
  2 giant cockroaches (D:1)
  5 goblins (D:1)
  4 hobgoblins (D:1)
  2 jackals (D:2)
  A kobold (D:1)
  2 quokkas (D:1)
  2 ball pythons (D:1)
  3 bats (D:1)
  A frilled lizard (D:1)
  4 rats (D:1)
31 creatures vanquished.

Notes
Turn   | Place    | Note
-------+----------+-------------------------------------------
     0 | D:1      | NotreDorf the Merfolk Gladiator began the quest for the
                  | Orb.
     0 | D:1      | Reached XP level 1. HP: 16/16 MP: 1/1
   167 | D:1      | Reached XP level 2. HP: 23/23 MP: 2/2
   316 | D:1      | Reached skill level 1 in Stealth
   554 | D:1      | Reached XP level 3. HP: 28/28 MP: 3/3
   900 | D:2      | Noticed Natasha
   911 | D:2      | Killed Natasha
   911 | D:2      | Slain by a kobold

Illustrated notes

Levels and vault maps discovered:
D:1:      minmay_arrival_five_plusses, layout_basic, minmay_tromino_v2
D:2:      layout_basic, uniq_natasha, uniq_terence

Skill      XL: |  1  2 |
---------------+-------+-----
Stealth        | 1 |  1.5
Fighting       | |  2.7
Polearms       | |  4.5
Throwing       | |  2.0
Dodging        | |  4.5

Action                     || total
---------------------------++-------
  Melee: Trident           ||    90
         Punch             ||     1
   Stab: Sleeping          ||     4
 Armour: Leather armour    ||    11
  Dodge: Dodged            ||    52
